 Dungeon Crawl Stone Soup version 0.29.1-13-g9f3cf754e1 (webtiles) character file.

Game seed: 15902009958240248620

15 Exodus22XD the Covered (level 2, 27/27 HPs)
             Began as a Minotaur Fighter on Feb 5, 2023.
             Was a Follower of Qazlal.
             Quit the game on level 1 of the Dungeon.
             The game lasted 00:00:50 (450 turns).

Exodus22XD the Covered (Minotaur Fighter)            Turns: 450, Time: 00:00:51

Health: 27/27      AC:  7    Str: 20    XL:     2   Next: 34%
Magic:  1/1        EV:  9    Int:  5    God:    Qazlal [*.....]
Gold:   55         SH:  6    Dex:  9    Spells: 1/1 levels left

rFire   . . .      SeeInvis .   a - +0 war axe
rCold   . . .      Faith    .   c - +0 buckler
rNeg    . . .      Spirit   .   b - +0 scale mail
rPois   .          Reflect  .   (helmet restricted)
rElec   .          Harm     .   (no cloak)
rCorr   .          Rampage  .   (no gloves)
Will    .....                   (no boots)
Stlth   ..........              (no amulet)
HPRegen 0.09/turn               (no ring)
MPRegen 0.07/turn               (no ring)

@: no status effects
A: horns 2, retaliatory headbutt
a: Renounce Religion


You were on level 1 of the Dungeon.
You worshipped Qazlal.
Qazlal was aware of your devotion.
You visited 1 branch of the dungeon, and saw 2 of its levels.

You collected 55 gold pieces.

Inventory:

Hand Weapons
 a - a +0 war axe (weapon)
Armour
 b - a +0 scale mail (worn)
 c - a +0 buckler (worn)
Scrolls
 g - a scroll of butterflies {unknown}
Potions
 d - a potion of might
 e - 2 potions of haste {unknown}
 f - a potion of cancellation {unknown}


   Skills:
 + Level 3.9 Fighting
 + Level 2.7 Axes
 + Level 4.0 Armour
 + Level 3.9 Shields


You had one spell level left.
You didn't know any spells.
Your spell library was empty.

Dungeon Overview and Level Annotations

Branches:
Dungeon (2/15)

Altars:
Qazlal


Innate Abilities, Weirdness & Mutations

You have a pair of horns on your head.
You reflexively headbutt those who attack you in melee.


Message History

A ball python is nearby!
You hit the ball python.
You kill the ball python!
No target in view!
HP restored.
As you open the door, it creaks loudly!
No target in view!
A dart slug comes into view.
A bat comes into view.
Found a falchion.
The bat barely misses you. You furiously retaliate!
You headbutt the bat.
You kill the bat!
A dart slug is nearby!
You slash the dart slug!
You kill the dart slug!
No target in view!
No target in view!
Found a faded altar of an unknown god.
No target in view!
A quokka comes into view.
The quokka bites you but does no damage.
You closely miss the quokka. Your headbutt misses the quokka.
The quokka closely misses you.
You barely miss the quokka. The quokka barely misses you.
You block the quokka's attack.
You hit the quokka.
You kill the quokka!
Your Armour skill increases to level 4!
No target in view!
There is a faded altar of an unknown god here.
You see here a quokka corpse.
You cannot tell which god this altar belongs to.
Convert to them anyway?
Qazlal accepts your prayer! Qazlal welcomes you!
Qazlal grants you and your divine allies immunity to clouds.
You are now surrounded by a storm.
Unknown command.
Press < or > to pray at altars.
Okay, then.
Are you sure you want to abandon this character and quit the game? (Confirm with "yes".)

#...# .# #†).## #.##
#....# #...# #....##
##.... #...... ##...#
#...##. ..#####...#
#...### .........# #####
# .......@≈# #
.........##
...####...#########.##+#
. ##...#.#..........
##......#####....
##.....)...+....
##....#.###.... ##...#.#
#.... #...#.####..#


There were no monsters in sight!

Vanquished Creatures
  A dart slug (D:1)
  3 bats
  A goblin (D:1)
  A hobgoblin (D:1)
  2 quokkas (D:1)
  3 ball pythons (D:1)
  A kobold (D:2)
12 creatures vanquished.

Notes
Turn   | Place    | Note
-------+----------+-------------------------------------------
     0 | D:1      | Exodus22XD the Minotaur Fighter began the quest for the
                  | Orb.
     0 | D:1      | Reached XP level 1. HP: 19/19 MP: 0/0
   207 | D:1      | You fall into a shaft and drop 1 floor!
   240 | D:2      | Reached XP level 2. HP: 27/27 MP: 1/1
   433 | D:1      | Found a faded altar of an unknown god.
   448 | D:1      | Reached skill level 4 in Armour
   449 | D:1      | Prayed at the altar of an unknown god.
   449 | D:1      | Became a worshipper of Qazlal Stormbringer
   449 | D:1      | Reached * piety under Qazlal
   450 | D:1      | Quit the game

Illustrated notes

Levels and vault maps discovered:
D:1:      minmay_arrival_open_corners, layout_basic,
          hellmonk_ecumenical_altar_crossroads
D:2:      layout_basic

Skill      XL: |  1  2 |
---------------+-------+-----
Armour         | 4 |  4.0
Fighting       | |  3.9
Axes           | |  2.7
Shields        | |  3.9

Action                   || total
-------------------------++-------
Melee: War axe           ||    27
       Headbutt          ||     1
Armor: Scale mail        ||    23
Dodge: Dodged            ||    17
Block: Buckler           ||     5
